Description

Reaper expand -> Reactor

@starting 3rd mine -> Baracks 2 & 3 Factory and Starport builds tech lab for switch with baracks 2 & 3 Variations: vs Stargate: Starport builds viking

VOD

https://www.youtube.com/watch?v=fZD-9Xtqadg

Replay - 2020-06-21 Uthermal's Basic TvP build

Build Order

Get SALT Encoding   

  12  0:01  SCV  
  13  0:13  SCV  
  14  0:17  Supply Depot  
  14  0:25  SCV  
  15  0:38  SCV  
  15  0:40  Barracks  
  16  0:43  Refinery  
  16  0:50  SCV  
  17  1:03  SCV  
  18  1:15  SCV  
  19  1:27  Reaper, Orbital Command  
  20  1:42  Command Center  
  20  1:49  Supply Depot  
  20  1:54  SCV  
  21  1:59  Barracks Reactor  
  21  2:06  SCV  
  22  2:18  SCV  
  22  2:21  Factory  
  23  2:25  Bunker  
  23  2:35  Marine x2  
  25  2:39  Refinery  
  26  2:53  Marine x2  
  26  2:54  Orbital Command  
  29  3:06  Starport  
  29  3:07  Widow Mine  
  29  3:11  Marine x2  
  36  3:29  Widow Mine, Marine x2  
  36  3:32  Supply Depot  
  42  3:44  Medivac  
  46  3:53  Marine x2  
  46  3:54  Widow Mine  
  51  3:56  Supply Depot  
  51  3:58  Barracks  
  52  4:07  Barracks  
  54  4:18  Factory Tech Lab, Supply Depot  
  54  4:20  Starport Tech Lab  
  58  4:27  Engineering Bay  
  58  4:34  Refinery  
  64  4:55  Stimpack  
  64  4:56  Marauder  
  64  4:57  Factory Reactor, Starport Reactor  
  64  4:58  Terran Infantry Weapons Level 1  
  65  5:08  Marauder  
  65  5:09  Combat Shield  
  68  5:18  Marauder  
  71  5:33  Widow Mine x2  
  78  5:44  Medivac x2, Marauder  
  88  5:50  Marauder  
  88  5:53  Refinery  
  88  5:55  Widow Mine x2  
  92  6:07  Marauder x2  
  92  6:11  Command Center  
  97  6:16  Medivac  
  101  6:20  Widow Mine x2  
  106  6:31  Concussive Shells  
  110  6:33  Marauder  
  110  6:35  Medivac  
  112  6:46  Marauder  
  116  6:54  Marauder  
Spawning Tool Build Advisor. Get it on Overwolf

Go to:

Details

  • Created by: Neversc2
  • Published on: Oct 05, 2020
  • Modified on: Oct 05, 2020
  • Patch: 4.11.0
  • Difficulty: Medium
Show
View Real Time Build Order
Export as new Build Order

Comments (0)

There are no comments. Be the first!

Create an account to comment!